 Dungeon Crawl Stone Soup version 0.28.0-1-gb440e238dd (webtiles) character file.

Game seed: 11714302184902724113

10 lawman0 the Grasshopper (level 2, 22/22 HPs)
             Began as a Vampire Warper on Feb 19, 2022.
             Was a Follower of Qazlal.
             Quit the game on level 1 of the Dungeon.
             The game lasted 00:00:36 (340 turns).

lawman0 the Grasshopper (Vampire Warper)             Turns: 340, Time: 00:00:36

Health: 22/22      AC:  3    Str: 10    XL:     2   Next: 10%
Magic:  5/5        EV: 11    Int: 15    God:    Qazlal [*.....]
Gold:   19         SH:  1    Dex: 13    Spells: 3/5 levels left

rFire   . . .      SeeInvis +   a - +0 falchion
rCold   . . .      Faith    .   (no shield)
rNeg    . . .      Spirit   .   b - +0 leather armour
rPois   .          Reflect  .   (no helmet)
rElec   .          Harm     .   (no cloak)
rCorr   .          Rampage  .   (no gloves)
Will    .....                   (no boots)
Stlth   +.........              (no amulet)
HPRegen 0.27/turn               (no ring)
MPRegen 0.09/turn               (no ring)

@: healing quickly
A: alive, fangs 3, see invisible, vampiric 1
a: Exsanguinate, Renounce Religion


You were on level 1 of the Dungeon.
You worshipped Qazlal.
Qazlal was aware of your devotion.
You visited 1 branch of the dungeon, and saw 1 of its levels.

You collected 19 gold pieces.

Inventory:

Hand Weapons
 a - a +0 falchion (weapon)
Missiles
 d - 5 boomerangs of dispersal (quivered)
Armour
 b - a +0 leather armour (worn)
Scrolls
 c - a scroll of blinking


   Skills:
 + Level 1.7 Fighting
 * Level 2.1 Long Blades
 + Level 1.0 Throwing
 + Level 0.7 Armour
 + Level 2.1 Dodging
 + Level 1.3 Stealth
 + Level 2.0 Spellcasting
 * Level 2.6 Translocations


You had 3 spell levels left.
You knew the following spells:

 Your Spells              Type           Power      Damage    Failure   Level
a - Blink                 Tloc           18%        N/A       16%         2

Your spell library contained the following spells:

 Spells                   Type           Power      Damage    Failure   Level
 Gell's Gravitas          Tloc           9%         N/A       30%         3
 Lesser Beckoning         Tloc           9%         N/A       30%         3
 Teleport Other           Tloc           9%         N/A       30%         3
 Manifold Assault         Tloc           9%         N/A       95%         5


Dungeon Overview and Level Annotations

Branches:
Dungeon (1/15)

Altars:
Qazlal


Innate Abilities, Weirdness & Mutations

Your natural rate of healing is accelerated.
You have razor-sharp teeth.
You have supernaturally acute eyesight. (SInv)
You are afflicted with vampirism.


Message History

Found a faded altar of an unknown god.
The goblin shouts!
Okay, then.
The golden eye turns its gaze towards you.
The floating eye turns its gaze towards you.
You miss the goblin. The goblin barely misses you.
You hit the goblin.
The goblin is severely wounded.
The goblin hits you with a +0 club.
You closely miss the goblin.
The goblin is severely wounded.
The goblin hits you with a +0 club. x2
You hit the goblin but do no damage. Your bite misses the goblin.
The goblin is heavily wounded.
The goblin hits you with a +0 club.
You closely miss the goblin.
The goblin is heavily wounded.
The goblin closely misses you.
You hit the goblin.
You kill the goblin!
You see here a +0 club.
The floating eye pulsates ominously.
Found 2 gold pieces.
There is a faded altar of an unknown god here.
You start resting.
HP restored.
There is a faded altar of an unknown god here.
You cannot tell which god this altar belongs to.
Convert to them anyway?
Qazlal accepts your prayer! Qazlal welcomes you!
Qazlal grants you and your divine allies immunity to clouds.
You are now surrounded by a storm.
Enter note:
Enter note: lmao Memorise Blink, consuming 2 spell levels and leaving 3?
You start memorising the spell.
You continue memorising. x2
You finish memorising.
Spell assigned to 'a'.
Are you sure you want to abandon this character and quit the game? (Confirm with "yes".)
Okay, then.
Are you sure you want to abandon this character and quit the game? (Confirm with "yes".)

#######.# #. ......#.#
######### #. #####.#.#
##........# #. ..#
#.#.# #.. ...... #.
#.###.#.# #.###...###
#. ......#.#
#.#G#...#G# # #.
.######.###.###...###.#
#. .# #......)........#
#. .# #####.....@.....#
#. .# #...........# #.
.# #.###...###.# #. .#
#.#G#...#G# # #. .#
#.###...### #. .# #..
...... #. ###.$..... #.
#.####### #. #.


You could see an eye of devastation, a floating eye and 2 golden eyes.

Vanquished Creatures
  3 bats (D:1)
  An endoplasm (D:1)
  A giant cockroach (D:1)
  A goblin (D:1)
  A hobgoblin (D:1)
  A kobold (D:1)
  2 rats (D:1)
10 creatures vanquished.

Notes
Turn   | Place    | Note
-------+----------+-------------------------------------------
     0 | D:1      | lawman0 the Vampire Warper began the quest for the Orb.
     0 | D:1      | Reached XP level 1. HP: 16/16 MP: 3/3
    38 | D:1      | Reached skill level 1 in Throwing
   238 | D:1      | Reached XP level 2. HP: 22/22 MP: 5/5
   250 | D:1      | Reached skill level 1 in Stealth
   310 | D:1      | Found a faded altar of an unknown god.
   311 | D:1      | Noticed a golden eye
   313 | D:1      | Noticed a floating eye
   313 | D:1      | Noticed a golden eye
   313 | D:1      | Noticed an eye of devastation
   336 | D:1      | Prayed at the altar of an unknown god.
   336 | D:1      | Became a worshipper of Qazlal Stormbringer
   336 | D:1      | Reached * piety under Qazlal
   337 | D:1      | lmao
   340 | D:1      | Learned a level 2 spell: Blink
   340 | D:1      | Quit the game

Illustrated notes

#######.# #. ......#.#
######### #. #####.#.#
##........# #. ..#
#.#.# #.. ...... #.
#.###.#.# #.###...###
#. ......#.#
#.#G#...#G# # #.
.######.###.###...###.#
#. .# #......)........#
#. .# #####.....@.....#
#. .# #...........# #.
.# #.###...###.# #. .#
#.#G#...#G# # #. .#
#.###...### #. .# #..
...... #. ###.$..... #.
#.####### #. #.


Turn 337 on D:1: lmao

Levels and vault maps discovered:
D:1:      lightli_arrival_statue_moat, layout_basic,
          hellmonk_ecumenical_altar_watching_god

Skill      XL: |  1  2 |
---------------+-------+-----
Throwing       | 1 |  1.0
Stealth        | 1 |  1.3
Fighting       | |  1.7
Long Blades    | |  2.1
Armour         | |  0.7
Dodging        | |  2.1
Spellcasting   | |  2.0
Translocations | |  2.6

Action                   || total
-------------------------++-------
Melee: Falchion          ||    28
       Bite              ||     3
 Stab: Sleeping          ||     1
Armor: Leather armour    ||    12
Dodge: Dodged            ||    17
